AoeStats
← zwei242

Arena

504556321Analyzed
2v2 RM · 28d ago on Sep 5, 2026· 51m 33s· 4 players
Game mode
Random Map
Map size
Medium (4 player)
Population
200
Speed
Normal
Resources
Standard
Victory
Conquest
Starting age
Dark Age
Ending age
Imperial Age
RankedLock teamsTeams togetherTeam positionsShared explorationLock speedFull tech treeHidden civsTurbo modeCheats
Victory
Defeat
🇩🇰 Goths · Denmark
805
+15
🇩🇰 Portuguese · Denmark
718
+18
🇪🇸 Teutons · Spain
786
-17
🇪🇸 Byzantines · Spain
759
-16
Absolute Unit
2:24 Loom
11:00 Feudal Age
15:22 Castle Age
13:24 Double-Bit Axe
17:14 Wheelbarrow
24:36 Fletching
30:20 Imperial Age
28:35 Squires
29:00 Bow Saw
29:37 Forging
29:27 Scale Mail Armor
29:33 Scale Mail Armor
30:31 Hand Cart
30:25 Anarchy
32:23 Conscription
32:45 Iron Casting
32:25 Chain Mail Armor
32:53 Perfusion
32:44 Elite Huskarl
34:33 Horse Collar
35:10 Heavy Plow
45:28 Ballistics
Warren J. Peachy
1:13 Loom
11:00 Feudal Age
11:21 Horse Collar
12:31 Double-Bit Axe
18:34 Castle Age
18:13 Stone Mining
21:25 Bloodlines
20:36 Light Cavalry
21:26 Scale Barding Armor
21:32 Forging
28:53 Husbandry
36:52 Imperial Age
35:25 Gold Mining
35:53 Heavy Plow
37:45 Arquebus
39:16 Wheelbarrow
42:02 Conscription
43:08 Hand Cart
45:51 Elite Organ Gun
46:01 Elite Organ Gun
47:50 Chemistry
zwei242
0:27 Loom
13:36 Feudal Age
15:12 Wheelbarrow
14:29 Double-Bit Axe
14:46 Horse Collar
14:38 Man-at-Arms
15:04 Arson
16:52 Gold Mining
19:45 Stone Mining
24:26 Castle Age
25:26 Hand Cart
25:45 Bow Saw
26:10 Heavy Plow
27:00 Gold Shaft Mining
27:45 Pikeman
30:21 Elite Skirmisher
35:15 Imperial Age
33:26 Fletching
34:09 Ballistics
34:18 Bodkin Arrow
34:24 Padded Archer Armor
35:24 Stone Shaft Mining
35:28 Murder Holes
37:16 Chemistry
36:51 Crop Rotation
36:39 Caravan
37:11 Leather Archer Armor
37:06 Husbandry
36:57 Cavalier
38:13 Thumb Ring
39:17 Bracer
39:48 Ring Archer Armor
40:09 Forging
42:53 Bombard Tower
42:14 Treadmill Crane
43:38 Fortified Wall
pineroreinaldo
0:42 Loom
12:16 Feudal Age
13:49 Double-Bit Axe
23:21 Castle Age
23:23 Stone Mining
23:26 Gold Mining
24:15 Wheelbarrow
24:38 Bow Saw
24:19 Elite Skirmisher
25:48 Horse Collar
28:51 Squires
28:14 Pikeman
29:32 Heavy Plow
34:57 Imperial Age
33:38 Hand Cart
35:30 Fletching
35:41 Padded Archer Armor
36:45 Chemistry
35:56 Fortified Wall
35:46 Halberdier
37:09 Conscription
38:08 Caravan
40:18 Bodkin Arrow
41:14 Leather Archer Armor
43:39 Two-Man Saw
43:14 Crop Rotation
48:20 Bombard Tower
Connection lost

Rejoining the realm…

Still unreachable

The connection could not be restored.

Session expired

The server has moved on; the page needs a fresh start.